Map: Temple gelé

Players

SkySToRM - Winner!

  • Race: Zerg Zerg

pupu

  • Race: Protoss Protoss
  • League: Gold

VOD

Have the link to the VOD?

Description

Time

  • Played on: April 20, 2016, 12:16 p.m.
  • Length: 20:07
Show
View Real Time Build Order
Export as new Build Order

SkySToRM Zerg - Winner!

Build Orders: 3 Hatch before Pool 

Get SALT Encoding   

  12  0:01  Drone  
  13  0:09  Drone  
  14  0:17  Overlord  
  14  0:25  Overlord  
  14  0:35  Drone  
  15  0:41  Drone  
  16  0:44  Drone  
  17  0:59  Drone  
  18  1:05  Hatchery  
  18  1:08  Drone  
  18  1:22  Drone  
  19  1:32  Drone  
  20  1:34  Hatchery  
  20  1:38  Drone  
  20  1:50  Spawning Pool  
  20  1:53  Extractor  
  18  1:57  Extractor  
  18  1:58  Drone  
  18  2:07  Drone  
  19  2:15  Drone  
  20  2:22  Drone x2  
  22  2:28  Drone  
  23  2:33  Drone  
  24  2:39  Drone  
  25  2:45  Drone  
  25  2:47  Drone  
  27  2:51  Drone  
  27  2:56  Drone  
  27  2:58  Roach Warren  
  28  3:02  Extractor  
  28  3:03  Drone x2  
  28  3:04  Extractor, Drone  
  29  3:08  Drone  
  29  3:11  Drone  
  31  3:19  Queen  
  33  3:27  Queen  
  35  3:36  Queen  
  35  3:39  Drone  
  39  3:41  Drone  
  39  3:45  Overlord  
  39  3:48  Drone  
  40  3:50  Drone  
  40  3:53  Drone  
  42  3:58  Overlord  
  42  4:04  Drone  
  42  4:05  Drone x2  
  42  4:09  Overlord  
  45  4:16  Roach  
  47  4:17  Roach  
  47  4:20  Roach  
  51  4:30  Drone x4  
  51  4:31  Drone  
  56  4:36  Roach  
  56  4:38  Roach  
  60  4:42  Roach  
  60  4:43  Roach  
  64  4:58  Roach  
  66  5:02  Overlord x2  
  66  5:10  Evolution Chamber  
  66  5:11  Evolution Chamber  
  64  5:21  Overlord  
  64  5:22  Overlord  
  64  5:23  Roach x5  
  64  5:24  Overlord  
  64  5:25  Overlord  
  74  5:39  Queen x3  
  74  5:41  Overlord  
  80  5:43  Roach  
  82  5:52  Roach x3  
  82  5:54  Roach  
  82  5:56  Roach  
  92  6:00  Zerg Missile Weapons Level 1  
  92  6:04  Zerg Ground Armor Level 1  
  92  6:10  Roach x2  
  96  6:14  Overlord  
  96  6:15  Roach  
  96  6:28  Roach x5  
  100  6:35  Queen  
  100  6:38  Roach x2  
  98  6:56  Roach x4  
  98  6:57  Roach x3  
  98  6:58  Roach  
  108  7:14  Roach x4  
  108  7:15  Roach  
  100  7:45  Roach x5  
  100  7:46  Roach x3  
  90  8:02  Roach x4  
  88  8:09  Roach x3  
  88  8:23  Drone x3  
  91  8:36  Ravager x3  
  91  8:37  Ravager  
  92  8:42  Drone  
  92  8:43  Roach x3, Drone  
  92  8:44  Roach  
  97  8:51  Roach  
  97  8:52  Roach x2  
  99  9:15  Roach x2  
  99  9:16  Roach x4  
  87  9:37  Drone x5  
  87  9:38  Drone  
  80  9:56  Roach x3  
  80  9:57  Roach x3  
  69  10:25  Ravager x3  
  69  10:26  Ravager x3  
  73  10:33  Ravager  
  73  10:35  Ravager  
  59  11:00  Drone x5  
  59  11:01  Drone x4  
  68  11:14  Drone  
  68  11:15  Drone x2  
  71  11:20  Queen x2  
  75  11:39  Drone x9  
  84  11:44  Drone x2  
  86  12:11  Roach x3  
  91  12:17  Roach x3  
  97  12:28  Drone  
  97  12:29  Drone  
  86  13:01  Hatchery  
  86  13:04  Roach  
  86  13:05  Roach x2  
  91  13:07  Hatchery  
  80  13:23  Roach  
  80  13:40  Roach  
  80  13:41  Roach  
  84  13:50  Hatchery  
  83  13:56  Roach  
  85  14:09  Roach x3  
  82  14:31  Roach  
  82  14:32  Roach x5  
  82  14:35  Queen  
  82  14:36  Queen  
  98  14:48  Roach x4  
  106  14:53  Overlord x4  
  106  15:02  Lair  
  106  15:05  Roach x2  
  110  15:15  Roach x2  
  114  15:22  Extractor  
  114  15:25  Extractor  
  112  15:34  Roach  
  112  15:35  Roach x3  
  107  15:44  Drone  
  107  15:45  Roach x2  
  109  15:50  Roach  
  109  15:56  Roach x2  
  115  16:00  Extractor  
  115  16:01  Roach  
  115  16:02  Extractor  
  115  16:08  Roach x2  
  119  16:11  Roach  
  119  16:12  Drone x2  
  119  16:13  Drone  
  119  16:14  Roach  
  126  16:34  Roach x6  
  126  16:35  Roach x3  
  144  16:45  Overlord x2  
  144  16:46  Overlord x4  
  144  16:47  Overlord x3  
  144  16:58  Zerg Missile Weapons Level 2  
  144  16:59  Zerg Ground Armor Level 2  
  144  17:03  Overlord x2  
  144  17:06  Roach x4  
  144  17:07  Roach x4  
  160  17:11  Ravager  
  160  17:13  Ravager  
  162  17:17  Ravager  
  162  17:21  Roach  
  162  17:22  Roach x3  
  167  17:40  Ravager  
  167  17:41  Ravager  
  167  17:42  Ravager x3  
  165  17:47  Roach x4  
  165  17:49  Roach  
  173  17:53  Zergling x8  
  173  17:54  Zergling x14  
  182  18:18  Hatchery  
  181  18:55  Infestation Pit  
  181  18:56  Hatchery  
  181  18:59  Ravager  
  181  19:00  Ravager x6  
  181  19:01  Ravager  
  187  19:03  Overseer x2  
  187  19:04  Overseer x2  
  187  19:06  Roach x3  
  187  19:07  Roach x3  
Show
View Real Time Build Order
Export as new Build Order

pupu Protoss 

Build Orders: 1 Gate Expand 

Get SALT Encoding   

  12  0:01  Probe (Chrono Boost)  
  13  0:11  Probe (Chrono Boost)  
  14  0:23  Probe (Chrono Boost)  
  14  0:24  Pylon  
  15  0:42  Probe (Chrono Boost), Gateway  
  16  0:51  Assimilator  
  16  0:52  Probe (Chrono Boost)  
  17  1:03  Probe (Chrono Boost)  
  18  1:09  Forge  
  18  1:13  Probe (Chrono Boost)  
  19  1:24  Probe (Chrono Boost)  
  20  1:38  Nexus  
  20  1:51  Cybernetics Core  
  20  1:55  Zealot  
  20  1:58  Probe (Chrono Boost)  
  23  2:08  Assimilator  
  23  2:17  Pylon  
  23  2:20  Protoss Ground Weapons Level 1  
  23  2:32  Warp Gate (Chrono Boost)  
  23  2:35  Probe, Adept  
  26  2:44  Pylon  
  26  2:47  Probe  
  27  2:59  Probe  
  27  3:00  Probe  
  27  3:01  Twilight Council  
  29  3:07  Adept  
  29  3:11  Probe  
  32  3:18  Probe  
  33  3:29  Probe, Robotics Facility  
  36  3:41  Probe  
  36  3:42  Assimilator  
  36  3:43  Probe  
  36  3:48  Stalker  
  38  3:52  Probe  
  39  3:57  Pylon  
  39  4:00  Probe  
  40  4:04  Resonating Glaives (Chrono Boost)  
  40  4:22  Gateway  
  40  4:24  Gateway  
  40  4:29  Warp Prism, Gateway  
  42  4:32  Pylon  
  42  4:34  Probe  
  42  4:36  Probe  
  44  4:50  Probe  
  45  4:55  Adept  
  45  4:57  Probe  
  48  5:02  Probe  
  49  5:07  Pylon  
  49  5:08  Probe  
  50  5:14  Probe  
  50  5:18  Probe  
  50  5:21  Gateway  
  52  5:22  Gateway  
  52  5:24  Gateway  
  52  5:25  Gateway  
  52  5:26  Probe  
  53  5:29  Probe  
  53  5:32  Immortal  
  58  5:38  Probe  
  59  5:46  Adept x3  
  59  5:47  Adept  
  67  5:52  Mothership Core  
  69  6:18  Adept  
  69  6:19  Adept x3  
  61  6:56  Adept x4  
  61  6:57  Adept x4  
  69  7:46  Stalker x6  
  69  7:47  Stalker  
  69  7:48  Stalker  
  61  8:08  Probe  
  61  8:09  Probe  
  62  8:13  Immortal  
  62  8:18  Probe  
  66  8:21  Probe  
  68  8:27  Pylon  
  68  8:31  Pylon  
  68  8:32  Adept x4  
  68  8:33  Pylon, Adept  
  78  8:36  Pylon  
  78  8:57  Adept x5  
  78  8:58  Adept x3  
  76  9:27  Stalker x3  
  76  9:28  Stalker x4  
  67  9:55  Stalker  
  67  9:56  Stalker x3  
  47  10:24  Stalker x4  
  47  10:25  Stalker x3  
  55  10:56  Stalker x4  
  61  10:57  Stalker x2  
  65  11:10  Pylon  
  65  11:11  Pylon  
  65  11:13  Probe, Pylon  
  65  11:14  Probe  
  65  11:15  Pylon  
  67  11:20  Pylon  
  67  11:51  Stalker x3  
  73  11:54  Sentry x2  
  67  12:41  Stalker x2  
  63  12:44  Sentry  
  59  12:57  Assimilator  
  47  13:32  Nexus  
  47  13:38  Stalker  
  47  13:41  Sentry x2  
  53  13:51  Probe  
  53  13:53  Probe  
  54  14:13  Stalker x4  
  61  14:29  Stalker  
  61  14:30  Stalker  
  65  14:32  Sentry x2  
  69  14:46  Probe  
  69  14:47  Probe x2  
  72  14:57  Probe  
  74  15:00  Probe  
  74  15:13  Pylon  
  74  15:15  Stalker, Pylon  
  74  15:17  Stalker  
  78  15:23  Stalker  
  54  15:54  Stalker x5  
  54  15:55  Stalker  
  64  16:02  Probe x2  
  64  16:03  Probe  
  67  16:12  Probe, Assimilator  
  67  16:13  Assimilator  
  68  16:24  Gateway  
  68  16:29  Sentry x4  
  68  16:30  Gateway  
  76  16:56  Stalker x5  
  76  17:01  Protoss Shields Level 1 (Chrono Boost)  
  86  17:03  Probe x2  
  88  17:30  Stalker  
  88  17:31  Stalker x4  
  94  17:51  Stalker  
  94  17:52  Stalker x3  
  94  17:55  Stalker  
  104  18:18  Stalker x2  
  104  18:19  Stalker x3  
  114  18:33  Stalker x3  
  120  18:36  Zealot  
  122  18:41  Probe x2  
  124  18:55  Pylon  
  124  19:00  Stalker x3  
  122  19:44  Stalker  
  122  19:45  Stalker  
  124  19:46  Stalker  
Tags
 
Add a new tag
Caveats
  • Supply blocks, unpowered buildings, or Contaminate may cause inaccurate times.
  • Supply counts are checked every 10 seconds.